 Dungeon Crawl Stone Soup version 0.30-a0-137-gd8773701ce (webtiles) character file.

Game seed: 15816915502909536587

4 warriortoast the Conjurer (level 1, 0/10 HPs)
             Began as a Deep Elf Conjurer on Sept 22, 2022.
             Slain by a jackal (2 damage)
             ... on level 1 of the Dungeon.
             The game lasted 00:01:23 (191 turns).

warriortoast the Conjurer (Deep Elf Conjurer)        Turns: 191, Time: 00:01:24

Health: 0/10       AC:  2    Str:  4    XL:     1   Next: 58%
Magic:  1/6        EV: 12    Int: 22    God:
Gold:   11         SH:  0    Dex: 13    Spells: 5/6 levels left

rFire   . . .      SeeInvis .    (no weapon)
rCold   . . .      Faith    .    (no shield)
rNeg    . . .      Spirit   .    a - +0 robe
rPois   .          Reflect  .    (no helmet)
rElec   .          Harm     .    (no cloak)
rCorr   .          Rampage  .    (no gloves)
Will    .....                    (no boots)
Stlth   ++........               (no amulet)
HPRegen 0.03/turn                (no ring)
MPRegen 0.10/turn                (no ring)

@: no status effects
A: no striking features
a: no special abilities


You were on level 1 of the Dungeon.
You visited 1 branch of the dungeon, and saw 1 of its levels.

You collected 11 gold pieces.

Inventory:

Missiles
 f - 5 poisoned darts
Armour
 a - a +0 robe (worn)
Scrolls
 c - 2 scrolls of blinking {unknown}
 d - 2 scrolls of silence {unknown}
 e - a scroll of teleportation {unknown}
Potions
 b - a potion of magic


   Skills:
 - Level 2.4 Dodging
 - Level 2.4 Stealth
 + Level 3.0 Spellcasting
 + Level 4.6 Conjurations


You had 5 spell levels left.
You knew the following spells:

 Your Spells              Type           Power      Damage    Failure   Level
a - Magic Dart            Conj           92%        1d7       1%          1

Your spell library contained the following spells:

 Spells                   Type           Power      Damage    Failure   Level
 Searing Ray              Conj           46%        2d6       2%          2
 Dazzling Flash           Conj/Hex       26%        N/A       14%         3
 Fulminant Prism          Conj/Hex       6%         3d7       43%         4
 Iskenderun's Mystic Bla  Conj/Tloc      13%        2d5       43%         4


Dungeon Overview and Level Annotations

Branches:
Dungeon (1/15)

Altars:


Message History

The magic dart hits the rat.
You kill the rat!
A goblin comes into view. It is wielding a +0 dagger.
The magic dart hits the goblin.
The goblin is heavily wounded.
The goblin shouts!
The magic dart hits the goblin.
You kill the goblin!
A frilled lizard comes into view.
The magic dart hits the frilled lizard.
You kill the frilled lizard!
A jackal comes into view.
The magic dart hits the jackal but does no damage.
The jackal barks!
You hear a bark!
The magic dart hits the jackal.
The jackal is moderately wounded.
The magic dart hits the jackal.
The jackal is severely wounded.
A jackal comes into view.
The magic dart hits the jackal but does no damage.
The jackal is severely wounded.
A jackal comes into view.
The magic dart hits the jackal.
The jackal is severely wounded.
The jackal barks!
The jackal bites you. x2
The jackal attacks as you move away!
The jackal bites you but does no damage.
The jackal closely misses you. The jackal attacks as you move away!
The jackal bites you. The jackal closely misses you.
The jackal attacks as you move away! The jackal barely misses you.
The jackal attacks as you move away! The jackal barely misses you.
The jackal bites you.
* * * LOW HITPOINT WARNING * * *
The jackal bites you.
* * * LOW HITPOINT WARNING * * *
The jackal attacks as you move away! The jackal misses you.
The jackal attacks as you move away! The jackal bites you.
You die...

#............##..#######
#............##...#
#.#.#..#.#+#####..## ####+#+
#......#.#+### #...# #......
###.#.##.....# #.#.# #..?...
#..........###.#.## #......
#..#.#.....+...#..# #......
#....#.....##h.##.## #......
###.......#..@h.##..####......
..........#.##h...............
########..............#.###+##
##########..###..........#.#
............#.#.##....#.....
########.#.......#.##########
#.#.##)#†##..#÷.÷.÷.÷#
#...#........#÷..<.÷.#
#...##.#(#...#÷÷÷..÷.#


You could see 3 jackals.

Vanquished Creatures
  A goblin (D:1)
  A bat (D:1)
  A frilled lizard (D:1)
  A kobold (D:1)
  2 rats (D:1)
6 creatures vanquished.

Notes
Turn   | Place    | Note
-------+----------+-------------------------------------------
     0 | D:1      | warriortoast the Deep Elf Conjurer began the quest for the
                  | Orb.
     0 | D:1      | Reached XP level 1. HP: 10/10 MP: 6/6
   191 | D:1      | Slain by a jackal

Illustrated notes

Levels and vault maps discovered:
D:1:      heliophobic_arrival_battle_scene, layout_basic,
          shapermc_ecumenical_altar_petra, minmay_pentomino_u4

Action                   || total
-------------------------++-------
 Cast: Magic Dart        ||    13
Armor: Robe              ||     1
Dodge: Dodged            ||     5

Table legend: (Time is in decaauts)
 A = Elapsed time spent in this place.
 B = Non-inter-level travel time spent in this place.
 C = Inter-level travel time spent in this place.
 D = Time resting spent in this place.
 E = Time spent auto-exploring this place.
 F = Levels seen in this place.
 G = Mean time per level.
                   A        B        C        D        E       F      G
               +--------+--------+--------+--------+--------+-----+--------+
         Total |    191 |    191 |      0 |      0 |    150 |   1 |  191.0 |
       Dungeon |    191 |    191 |      0 |      0 |    150 |   1 |  191.0 |
               +--------+--------+--------+--------+--------+-----+--------+

Top non-repeatable levels by time:
     D:1: 191 daAuts
